 Dungeon Crawl Stone Soup version 0.20-a0-893-g832831a (webtiles) character file.

2478 dvd the Tainter (level 9, -5/57 HPs)
             Began as an Octopode Venom Mage on Mar 16, 2017.
             Was a Follower of Qazlal.
             Slain by a manticore (7 damage)
             ... on level 7 of the Dungeon.
             The game lasted 00:26:07 (7381 turns).

dvd the Tainter (Octopode Venom Mage)               Turns: 7381, Time: 00:26:08

Health: -5/57      AC:  1    Str: 11 (12) XL:     9   Next: 51%
Magic:  13/17      EV: 14    Int: 22 (23) God:    Qazlal [*.....]
Gold:   307        SH:  1    Dex: 11 (14) Spells: 6/19 levels left

rFire    . . .     SeeInvis +   a - +2 trident (flame)
rCold    . . .     Gourm    .   (no shield)
rNeg     + . .     Faith    .   (helmet restricted)
rPois    .         Spirit   .   k - amulet of magic regeneration
rElec    .         Reflect  .   t - ring of see invisible
rCorr    .         Harm     .   C - +5 ring of strength
MR       .....                  F - ring of positive energy
Stlth    ++++......             (no ring)
Regen    0.2/turn               (no ring)
MPRegen  0.3/turn               (no ring)
                                (no ring)
                                (no ring)

@: no status effects
A: almost no armour, stealthy swim, amphibious, 8 rings, constrict 8, camouflage
1, agile 1, clever 1, wild magic 1, gelatinous body 1
a: Renounce Religion


You were on level 7 of the Dungeon.
You worshipped Qazlal.
Qazlal was aware of your devotion.
You were hungry.

You visited 2 branches of the dungeon, and saw 8 of its levels.

You collected 307 gold pieces.

Inventory:

Hand Weapons
 a - a +2 trident of flaming (weapon)
 d - a +0 short sword
 e - a +0 spear
 u - a +0 morningstar
 y - a +1 whip of freezing
Missiles
 r - 11 tomahawks (quivered)
Armour
 s - a +1 shield
Magical Staves
 E - an uncursed staff of conjuration
Jewellery
 k - an amulet of magic regeneration (around mantle)
 t - a ring of see invisible (left tentacle)
 C - a +5 ring of strength (right tentacle)
 F - a ring of positive energy (on tentacle)
Wands
 n - a wand of flame (4/48)
 o - a wand of enslavement (6/24)
 p - a wand of digging (24/24)
 A - a wand of digging (1/24)
Scrolls
 c - a scroll of fog
 h - 4 scrolls of identify
 j - 7 scrolls of recharging
 q - 2 scrolls of immolation
 w - a scroll of amnesia
 G - a scroll of remove curse
Potions
 f - 2 potions of haste
 x - a potion of flight {unknown}
 z - a potion of lignification {unknown}
 J - a potion of degeneration
Books
 B - a Young Poisoner's Handbook

   Spells                             Type                      Level
   a - Sting                          Conjuration/Poison           1
   b - Poisonous Vapours              Poison/Air                   2
   c - Mephitic Cloud                 Conjuration/Poison/Air       3
   d - Olgreb's Toxic Radiance        Poison                       4
   e - Venom Bolt                     Conjuration/Poison           5
 D - a book of Callings

   Spells                             Type                      Level
   a - Summon Small Mammal            Summoning                    1
   b - Call Imp                       Summoning                    2
   c - Call Canine Familiar           Summoning                    3
   d - Summon Guardian Golem          Hexes/Summoning              3
   e - Summon Lightning Spire         Summoning/Air                4
   f - Summon Ice Beast               Ice/Summoning                4
 I - a book of Minor Magic

   Spells                             Type                      Level
   a - Magic Dart                     Conjuration                  1
   b - Blink                          Translocation                2
   c - Call Imp                       Summoning                    2
   d - Slow                           Hexes                        2
   e - Conjure Flame                  Conjuration/Fire             3
   f - Mephitic Cloud                 Conjuration/Poison/Air       3
Comestibles
 b - 7 bread rations
 g - 3 royal jellies
 i - 8 fruits
 l - 4 meat rations
 m - 3 chunks of flesh


   Skills:
 + Level 3.2 Fighting
 + Level 2.9 Short Blades
 + Level 2.8 Polearms
 + Level 1.3 Throwing
 + Level 2.9 Dodging
 + Level 6.5 Stealth
 + Level 5.9 Spellcasting
 + Level 1.8 Conjurations
 + Level 4.1 Air Magic
 + Level 8.2 Poison Magic
 + Level 1.2 Evocations


You had 6 spell levels left.
You knew the following spells:

 Your Spells              Type           Power        Failure   Level  Hunger
a - Venom Bolt            Conj/Pois      #####.....   47%         5    #####..
b - Poisonous Vapours     Pois/Air       #####.       2%          2    None
c - Olgreb's Toxic Radia  Pois           ######..     6%          4    ###....
d - Blink                 Tloc           N/A          24%         2    None


Dungeon Overview and Level Annotations

Branches:
Dungeon (7/15)             Temple (1/1) D:4

Altars:
Ashenzari
Cheibriados
Dithmenos
Elyvilon
Fedhas
Gozag
Hepliaklqana
Kikubaaqudgha
Makhleb
Nemelex Xobeh
Okawaru
Qazlal
Ru
Sif Muna
Trog
Uskayaw
Vehumet
Wu Jian
Xom
Yredelemnul
Zin
The Shining One

Shops:
D:4 }

Annotations:
D:4 Yehuk's ghost, amateur TrTm
D:7 Joseph


Innate Abilities, Weirdness & Mutations

You cannot wear most types of armour.
You are very stealthy in the water. (Stealth+)
You are amphibious.
You can wear up to eight rings at the same time.
You can use your tentacles to constrict eight enemies at once.
Your skin changes colour to match your surroundings (Stealth+).
Your rubbery body absorbs attacks. (AC +1, EV +1)
You are agile. (Dex +2)
Your mind is acute. (Int +2)
Your spells are a little harder to cast, but a little more powerful.


Message History

Casting: Olgreb's Toxic Radiance
Confirm with . or Enter, or press ? or * to list all spells.
You begin to radiate toxic energy.
You are feeling hungry.
The manticore is poisoned.
The manticore bites you!! The manticore closely misses you.
The manticore claws you!
* * * LOW HITPOINT WARNING * * *
You closely miss the manticore. You squeeze the manticore.
The manticore is moderately wounded.
The manticore looks even sicker.
The manticore bites you.
* * * LOW HITPOINT WARNING * * *
The manticore claws you.
* * * LOW HITPOINT WARNING * * *
The manticore barely misses you.
It was a potion of degeneration.
There was something very wrong with that liquid.
You feel weakened.
You feel dopey.
You feel clumsy.
Your toxic aura wanes.
The manticore bites you!
You die...

..#..#.W#s.# #.# #.#
.....#.....# #.# #.#
.....#.....# #.# #.#
###################.#
#.#
....................#
#.#
......).............#
#.#
#####################
#.#
.....#.....#......#
#.#
.....#.....#....@.#
#.#
..#..#..#..#..###H#
#.# ..#..#..#..#..#
?# #.#
..#.....#)....# .#
#.# ..#.....#.....#
)# #.#
############### ##
#.# #.# #.# #<#


You could see a manticore.

Vanquished Creatures
  Pikel (D:4)
  Menkaure (D:4)
  An ice beast (D:4)
  A sky beast (D:7)
  4 slaves (D:4)
  2 ogres (D:6)
  5 bullfrogs
  A wyvern skeleton (D:7)
  A scorpion (D:5)
  5 killer bees (D:7)
  A howler monkey (D:3)
  A bullfrog zombie (D:5)
  3 centaur zombies
  2 jellies
  4 orc priests
  3 orc wizards
  Natasha (thrice) (D:4)
  2 iguanas
  A worker ant (D:4)
  A killer bee zombie (D:7)
  8 gnolls
  7 adders
  2 oozes
  An adder zombie (D:5)
  4 adder skeletons
  5 worms
  3 dart slugs
  6 leopard geckos
  10 orcs
  8 giant cockroaches
  7 goblins
  4 hobgoblins
  4 jackals (D:3)
  10 kobolds
  3 quokkas
  2 ball pythons
  15 bats
  3 frilled lizards
  A quokka skeleton (D:4)
  A quokka zombie (D:7)
  14 rats
161 creatures vanquished.

Notes
Turn   | Place    | Note
-------+----------+-------------------------------------------
     0 | D:1      | dvd the Octopode Venom Mage began the quest for the Orb.
     0 | D:1      | Reached XP level 1. HP: 11/11 MP: 3/3
   186 | D:1      | Reached XP level 2. HP: 17/17 MP: 1/5
   198 | D:1      | Reached skill level 4 in Poison Magic
   236 | D:1      | Learned a level 2 spell: Poisonous Vapours
   360 | D:1      | Reached XP level 3. HP: 21/21 MP: 1/6
  1436 | D:2      | Reached XP level 4. HP: 27/27 MP: 4/7
  1902 | D:2      | Learned a level 4 spell: Olgreb's Toxic Radiance
  2161 | D:2      | Reached skill level 1 in Air Magic
  2335 | D:3      | Reached XP level 5. HP: 31/31 MP: 5/9
  3182 | D:3      | Reached skill level 5 in Poison Magic
  3447 | D:4      | Noticed an ice beast
  3504 | D:4      | Noticed Menkaure
  3513 | D:4      | Killed Menkaure
  3513 | D:4      | Reached skill level 1 in Short Blades
  3513 | D:4      | Reached XP level 6. HP: 33/37 MP: 10/10
  3671 | D:4      | Noticed a slave
  3672 | D:4      | Noticed a slave
  3672 | D:4      | Noticed a slave
  3673 | D:4      | Noticed a slave
  3674 | D:4      | Noticed Pikel
  3680 | D:4      | Killed a slave
  3682 | D:4      | Found a staircase to the Ecumenical Temple.
  3682 | D:4      | Killed a slave
  3691 | D:4      | Killed a slave
  3691 | D:4      | Killed a slave
  3693 | D:4      | HP: 1/37 [Pikel/whip of freezing (2)]
  3695 | D:4      | Killed Pikel
  3695 | D:4      | Reached skill level 1 in Fighting
  3695 | D:4      | Reached skill level 5 in Stealth
  3695 | D:4      | Reached skill level 6 in Poison Magic
  3695 | D:4      | Reached XP level 7. HP: 2/43 MP: 2/13
  3713 | Temple   | Entered the Ecumenical Temple
  4112 | Temple   | Became a worshipper of Qazlal Stormbringer
  4277 | D:4      | Noticed Natasha
  4286 | D:4      | Killed Natasha
  4286 | D:4      | Reached XP level 8. HP: 41/50 MP: 11/14
  4704 | D:4      | Noticed Natasha
  4711 | D:4      | Killed Natasha
  4711 | D:4      | Reached skill level 7 in Poison Magic
  4718 | D:4      | Noticed Natasha
  4723 | D:4      | Killed Natasha
  4889 | D:4      | Found Abudoxuyc's Gadget Shoppe.
  4901 | D:4      | Noticed Yehuk's ghost (amateur TrTm)
  4908 | D:4      | Gained mutation: Your mind is acute. (Int +2) [potion of mutation]
  4908 | D:4      | Gained mutation: Your spells are a little harder to cast, but a little more powerful. [potion of mutation]
  4908 | D:4      | Gained mutation: You are agile. (Dex +2) [potion of mutation]
  5199 | D:5      | Entered Level 5 of the Dungeon
  5656 | D:5      | Found a bloodstained altar of Trog.
  5656 | D:5      | Found an iron altar of Okawaru.
  5662 | D:5      | Found a blossoming altar of Fedhas.
  5664 | D:5      | Found a radiant altar of Vehumet.
  5665 | D:5      | Found a shattered altar of Ashenzari.
  5743 | D:5      | Reached skill level 1 in Evocations
  5800 | D:5      | Reached skill level 5 in Spellcasting
  6220 | D:6      | Learned a level 5 spell: Venom Bolt
  6228 | D:6      | Reached skill level 1 in Polearms
  6273 | D:6      | Reached skill level 1 in Throwing
  6273 | D:6      | Reached XP level 9. HP: 55/55 MP: 4/17
  6452 | D:6      | Learned a level 2 spell: Blink
  6719 | D:7      | Reached * piety under Qazlal
  6820 | D:7      | Noticed Joseph
  7177 | D:7      | Reached skill level 8 in Poison Magic
  7378 | D:7      | Noticed a manticore
  7380 | D:7      | HP: 2/57 [manticore (2)]
  7381 | D:7      | Slain by a manticore

Vault maps used:
D:1:      zelgadis_glass_arrival_small, minmay_tripent
D:3:      cheibrodos_helix_gallery
D:4:      temple_green, serial_shops, nicolae_shop_stone, st_stairs_9,
          uniq_natasha, uniq_menkaure, uniq_pikel
D:5:      chequers_temple_overflow_minitemple, first_bread
D:7:      kennysheep_windowed_halls, uniq_joseph
Temple:   minmay_crystal_spiral_temple

Skill      XL: |  1  2  3  4  5  6  7  8  9 |
---------------+----------------------------+-----
Poison Magic   | 4 5 6 7 8 |  8.2
Stealth        | 3 4 5 6 |  6.5
Air Magic      | 1 2 3 4 |  4.1
Spellcasting   | 3 4 5 |  5.9
Short Blades   | 1 2 |  2.9
Fighting       | 1 2 3 |  3.2
Evocations     | 1 |  1.2
Polearms       | 1 2 |  2.8
Throwing       | 1 |  1.3
Dodging        | |  2.9
Conjurations   | |  1.8

Action                   |  1- 3 |  4- 6 |  7- 9 || total
-------------------------+-------+-------+-------++-------
Melee: Unarmed           |     4 |       |     6 ||    10
       Constrict         |    12 |    18 |    12 ||    42
       Tentacles         |     7 |    11 |    21 ||    39
       Short sword       |    40 |    89 |    43 ||   172
       Trident           |       |       |    60 ||    60
Throw: Tomahawk          |       |       |     7 ||     7
 Cast: Sting             |    31 |    12 |     3 ||    46
       Poisonous Vapours |     8 |    20 |    23 ||    51
       Olgreb's Toxic Ra |       |     6 |    15 ||    21
Evoke: Wand              |       |       |     8 ||     8
  Use: Scroll            |       |     4 |     7 ||    11
       Potion            |       |     1 |     4 ||     5
 Stab: Sleeping          |     4 |     6 |     5 ||    15
  Eat: Chunk             |     2 |     9 |    12 ||    23
       Royal jelly       |       |       |     1 ||     1
Armor: Skin              |     3 |     5 |     4 ||    12
Dodge: Dodged            |    36 |    47 |    78 ||   161
Block: Other             |       |       |     1 ||     1
